 Dungeon Crawl Stone Soup version 0.19-a0-1908-g43c011f (webtiles) character file.

2942 Lochraine the Skirmisher (level 9, -3/48 HPs)
             Began as a Vine Stalker Fighter on Oct 22, 2016.
             Was a Priest of Ashenzari.
             Slain by a hornet (5 damage)
             ... on level 7 of the Dungeon.
             The game lasted 00:30:06 (5192 turns).

Lochraine the Skirmisher (Vine Stalker Fighter)     Turns: 5192, Time: 00:30:07

Health: -3/48      AC: 12    Str: 21    XL:     9   Next: 80%
Magic:  0/17       EV: 11    Int:  9    God:    Ashenzari [***...]
Gold:   357        SH:  5    Dex: 14    Spells: 3 memorised, 12 levels left

rFire  . . .     SeeInvis +     a - +0 long sword
rCold  . . .     Gourm    .     b - +0 scale mail
rNeg   . . .     Faith    +     h - +0 buckler (curse)
rPois  .         Spirit   +     (no helmet)
rElec  .         Reflect  .     (no cloak)
rCorr  .         Harm     .     (no gloves)
MR     +....                    g - +1 pair of boots (curse)
Stlth  ..........               d - amulet of faith
                                m - ring of wizardry (curse)
                                l - +4 ring of protection (curse)

@: no status effects
A: fangs 3, regeneration 1, magic shield, antimagic bite, no device heal 3, rot
immunity
a: Curse Item, Scrying, Renounce Religion


You were on level 7 of the Dungeon.
You worshipped Ashenzari.
Ashenzari was most pleased with you.
You were not hungry.

You visited 1 branch of the dungeon, and saw 7 of its levels.

You collected 357 gold pieces.

Inventory:

Hand Weapons
 a - a +0 long sword (weapon)
Armour
 b - a +0 scale mail (worn)
 c - a +0 shield
 g - a cursed +1 pair of boots (worn)
 h - a cursed +0 buckler (worn)
Jewellery
 d - an amulet of faith (around neck)
 e - an uncursed amulet of regeneration
 l - a cursed +4 ring of protection (left hand)
 m - a cursed ring of wizardry (right hand)
 s - an uncursed ring of magical power
 u - an uncursed ring of poison resistance
Wands
 t - a wand of teleportation (1/9)
 B - a wand of slowing (13/48)
Scrolls
 i - a scroll of identify
 o - a scroll of blinking {unknown}
 q - a scroll of enchant armour
 v - a scroll of teleportation
 y - a scroll of fog {unknown}
Potions
 p - a potion of lignification {unknown}
 x - a potion of cancellation
 z - a potion of cure mutation {unknown}
Books
 w - a book of Minor Magic

   Spells                             Type                      Level
   a - Magic Dart                     Conjuration                  1
   b - Blink                          Translocation                2
   c - Call Imp                       Summoning                    2
   d - Repel Missiles                 Charms/Air                   2
   e - Slow                           Hexes                        2
   f - Conjure Flame                  Conjuration/Fire             3
   g - Mephitic Cloud                 Conjuration/Poison/Air       3
Comestibles
 f - 2 bread rations
 j - a chunk of flesh
 k - 2 meat rations
 A - 3 fruits


   Skills:
 - Level 6.1 Fighting
 - Level 6.0 Long Blades
 - Level 2.4 Armour
 - Level 2.1 Dodging
 - Level 4.4(6.2) Shields
 - Level 5.2 Spellcasting
 + Level 4.0(5.7) Conjurations
 - Level 3.6(5.3) Translocations
 + Level 2.2(3.7) Air Magic
 + Level 2.2(3.7) Poison Magic


You had 12 spell levels left.
You knew the following spells:

 Your Spells              Type           Power        Failure   Level  Hunger
a - Blink                 Tloc           N/A          4%          2    ##.....
b - Magic Dart            Conj           ##..         3%          1    #......
c - Mephitic Cloud        Conj/Pois/Air  ##......     14%         3    ###....


Dungeon Overview and Level Annotations

Branches:
Dungeon (7/15)             Temple (0/1) D:6

Altars:
Ashenzari
Makhleb
Yredelemnul


Innate Abilities, Weirdness & Mutations

You have razor-sharp teeth.
Your natural rate of healing is unusually fast.
When hurt, damage is shared between your health and your magic reserves.
Your bite disrupts and absorbs the magic of your enemies.
Potions and wands cannot restore your health.
You are immune to rotting.


Message History

The hornet stings you!
* * * LOW HITPOINT WARNING * * *
You shrug off the repeated paralysis!
You block the sky beast's attack.
Okay, then.
Okay, then.
You need a scroll of remove curse to do this.
Okay, then.
Casting: Mephitic Cloud
Confirm with . or Enter, or press ? or * to list all spells.
You don't have enough magic to cast that spell.
It was a potion of curing.
Your system rejects the healing.
You feel better. The hornet closely misses you.
The sky beast barely misses you.
You riposte.
You slash the sky beast!
You kill the sky beast!
Your base Conjurations skill increases to level 4!
Your base Poison Magic skill increases to level 2!
Okay, then.
Okay, then.
The hornet stings you!
You die...

#.###.#.##........#
#.....#.##!.......# *
#######.##..).....# ,
................#=# ...#
###........#.# * ...#
#......†.#.# ...###
#.......)#.# * ...+.#
#.......)..# , ,,
...#.###########@.####.#
,*
...'............y.......
,
..÷#.##.Z......)..###..#
###.....#########..#* #,
###...o.## ....., ,
#........##### *..##.#
** #...<........#
*..#*,#* ,
#............# *...* **
* #######......# *.#.# ,


You could see a hornet.

Vanquished Creatures
  The ghost of Philosophy the Archer, a novice CeHu of Okawaru (D:7)
  Prince Ribbit (D:6)
  Grinder (D:6)
  The ghost of Graouh the Covered, an amateur MiFi of Okawaru (D:3)
  Menkaure (D:4)
  Duvessa (D:6)
  A sky beast (D:7)
  A phantom (D:5)
  An ice beast (D:5)
  A necrophage (D:7)
  2 ogres
  A centaur (D:6)
  Blork the orc (D:4)
  A bullfrog (D:6)
  Dowan (D:6)
  2 scorpions
  A jelly (D:6)
  4 orc priests
  A bullfrog skeleton (D:4)
  A hound (D:5)
  A centaur skeleton (D:4)
  3 iguanas (D:5)
  5 orc wizards
  3 worker ants
  2 hound zombies (D:5)
  A hound skeleton (D:4)
  8 adders
  An adder zombie (D:5)
  2 adder skeletons
  2 worms
  7 leopard geckos
  18 orcs
  3 ball pythons
  7 giant cockroaches
  4 goblins
  9 hobgoblins
  6 jackals
  4 quokkas
  3 bats
  3 frilled lizards
  12 kobolds
  9 rats
138 creatures vanquished.

Notes
Turn   | Place    | Note
-------+----------+-------------------------------------------
     0 | D:1      | Lochraine the Vine Stalker Fighter began the quest for the Orb.
     0 | D:1      | Reached XP level 1. HP: 11/11 MP: 2/2
    91 | D:1      | Reached XP level 2. HP: 14/16 MP: 3/3
   582 | D:1      | Reached XP level 3. HP: 18/19 MP: 4/4
  1143 | D:2      | Found a shattered altar of Ashenzari.
  1177 | D:2      | Became a worshipper of Ashenzari the Shackled
  1253 | D:2      | Gained mutation: Your natural rate of healing is unusually fast. [Vine Stalker growth]
  1253 | D:2      | Reached XP level 4. HP: 24/24 MP: 5/5
  1525 | D:3      | Noticed Graouh's ghost (amateur MiFi)
  1603 | D:3      | Found a burning altar of Makhleb.
  1971 | D:4      | Reached XP level 5. HP: 23/29 MP: 4/6
  2000 | D:4      | Identified the amulet of Wuforiz {Inacc Int+5 Dex-4}
  2027 | D:4      | Noticed Blork the orc
  2086 | D:3      | Killed Graouh's ghost
  2086 | D:3      | Reached XP level 6. HP: 30/34 MP: 7/7
  2097 | D:4      | Killed Blork the orc
  2126 | D:4      | Reached XP level 7. HP: 38/38 MP: 8/8
  2259 | D:4      | Noticed Menkaure
  2281 | D:4      | Killed Menkaure
  2281 | D:4      | Reached skill level 5 in Fighting
  2314 | D:4      | Reached * piety under Ashenzari
  2614 | D:5      | Entered Level 5 of the Dungeon
  2659 | D:5      | Reached skill level 5 in Long Blades
  2907 | D:5      | Reached skill level 1 in Dodging
  2907 | D:5      | Gained mutation: You have razor-sharp teeth. [Vine Stalker growth]
  2907 | D:5      | Reached XP level 8. HP: 4/43 MP: 1/9
  3557 | D:5      | Reached ** piety under Ashenzari
  3558 | D:5      | Found a basalt altar of Yredelemnul.
  3616 | D:6      | Learned a level 2 spell: Blink
  3820 | D:6      | Noticed Dowan
  3830 | D:6      | Noticed Grinder
  3841 | D:6      | Killed Grinder
  3841 | D:6      | Reached skill level 1 in Translocations
  3891 | D:6      | Noticed Duvessa
  3992 | D:6      | Reached skill level 1 in Spellcasting
  4263 | D:6      | Noticed Prince Ribbit
  4275 | D:6      | Killed Prince Ribbit
  4275 | D:6      | Reached XP level 9. HP: 42/48 MP: 12/14
  4288 | D:6      | Learned a level 1 spell: Magic Dart
  4445 | D:6      | Found a staircase to the Ecumenical Temple.
  4581 | D:7      | Reached *** piety under Ashenzari
  4595 | D:7      | Reached skill level 1 in Conjurations
  4802 | D:7      | Noticed Philosophy's ghost (novice CeHu)
  4813 | D:7      | Killed Philosophy's ghost
  4813 | D:7      | Reached skill level 5 in Spellcasting
  4890 | D:7      | Noticed a hornet
  4898 | D:7      | Paralysed by a hornet for 2 turns
  4976 | D:6      | Learned a level 3 spell: Mephitic Cloud
  5041 | D:5      | Reached skill level 1 in Air Magic
  5094 | D:6      | Killed Duvessa
  5094 | D:6      | Reached skill level 1 in Poison Magic
  5106 | D:6      | Killed Dowan
  5188 | D:7      | Paralysed by a hornet for 2 turns
  5190 | D:7      | HP: 1/48 [hornet (6)]
  5192 | D:7      | Slain by a hornet

Vault maps used:
D:1:      scummos_arrival_gate
D:2:      evilmike_ruin_ashenzari
D:3:      serial_glass, glass_columns_b, glass_columns_a, bloody_makhleb
D:4:      first_bread, st_stairs_12, uniq_blork_the_orc, uniq_menkaure
D:5:      yredelemnul_altar_generic, kennysheep_dice
D:6:      uniq_duvessa, uniq_grinder, uniq_prince_ribbit1
D:7:      serial_shops, nicolae_shop_crystal

Skill      XL: |  1  2  3  4  5  6  7  8  9 |
---------------+----------------------------+-----
Long Blades    | 2 3 4 5 6 |  6.0
Fighting       | 3 4 5 6 |  6.1
Shields        | 3 4 |  4.4
Dodging        | 1 2 |  2.1
Translocations | 3 |  3.6
Spellcasting   | 3 5 |  5.2
Conjurations   | 4 |  4.0
Air Magic      | 2 |  2.2
Poison Magic   | 2 |  2.2
Armour         | |  2.4

Action                   |  1- 3 |  4- 6 |  7- 9 || total
-------------------------+-------+-------+-------++-------
Melee: Long sword        |   129 |   110 |   281 ||   520
       Bite              |    36 |    36 |    99 ||   171
 Cast: Magic Dart        |       |       |     5 ||     5
       Mephitic Cloud    |       |       |     1 ||     1
Invok: Curse Item        |     1 |     1 |     1 ||     3
Evoke: Wand              |       |       |     5 ||     5
  Use: Scroll            |       |     1 |     5 ||     6
       Potion            |       |     1 |     5 ||     6
 Stab: Confused          |       |       |     1 ||     1
  Eat: Chunk             |     1 |     3 |     6 ||    10
       Bread ration      |       |       |     1 ||     1
Armor: Scale mail        |    56 |    67 |   101 ||   224
Dodge: Dodged            |    24 |    37 |    84 ||   145
Block: Shield            |    55 |    68 |    37 ||   160
       Buckler           |       |       |    37 ||    37
       Rpst.: Long sword |     9 |     5 |    29 ||    43
